 Dungeon Crawl Stone Soup version 0.29.0-4-gdea44cf6ec (webtiles) character file.

Game seed: 4219468072177712099

35 qw the Chopper (level 3, -5/21 HPs)
             Began as a Tengu Warper on Aug 29, 2022.
             Slain by a gnoll
             ... wielding a +0 flail
              (12 damage)
             ... on level 2 of the Dungeon.
             The game lasted 00:00:21 (1244 turns).

qw the Chopper (Tengu Warper)                       Turns: 1244, Time: 00:00:22

Health: -5/21      AC:  3    Str: 13    XL:     3   Next: 33%
Magic:  7/7        EV: 12    Int: 13    God:
Gold:   79         SH:  0    Dex: 13    Spells: 6/6 levels left

rFire   . . .      SeeInvis .   Y - +1 hand axe
rCold   . . .      Faith    .   (no shield)
rNeg    . . .      Spirit   .   b - +0 leather armour
rPois   .          Reflect  .   (helmet restricted)
rElec   .          Harm     .   (no cloak)
rCorr   .          Rampage  .   (no gloves)
Will    .....                   (boots unavailable)
Stlth   +.........              (no amulet)
HPRegen 0.07/turn               (no ring)
MPRegen 0.10/turn               (no ring)

@: no status effects
A: beak, talons 3
a: no special abilities


You were on level 2 of the Dungeon.
You visited 1 branch of the dungeon, and saw 2 of its levels.

You collected 79 gold pieces.


Innate Abilities, Weirdness & Mutations

You have a beak for a mouth.
You have claws for feet.


   Skills:
 - Level 2.0 Fighting
 + Level 4.0 Axes
 - Level 1.0 Throwing
 - Level 1.1 Armour
 - Level 2.1 Dodging
 - Level 2.0 Spellcasting
 - Level 2.4 Translocations


You had 6 spell levels left.
You didn't know any spells.
Your spell library contained the following spells:

 Spells                   Type           Power      Damage    Failure   Level
 Blink                    Tloc           14%        N/A       19%         2
 Gell's Gravitas          Tloc           7%         N/A       36%         3
 Lesser Beckoning         Tloc           7%         N/A       36%         3
 Teleport Other           Tloc           7%         N/A       36%         3
 Manifold Assault         Tloc           7%         N/A       98%         5

Inventory:

Hand Weapons
 h - a +0 whip
 Y - a +1 hand axe (weapon)
Armour
 b - a +0 leather armour (worn)
Scrolls
 f - a scroll of identify
Potions
 a - a potion of curing {unknown}

Dungeon Overview and Level Annotations

Branches:
Dungeon (2/15)

Altars:


Message History

Found a stone staircase leading down.
You now have 79 gold pieces (gained 14).
Enter note: As you open the door, it creaks loudly!
An adder comes into view.
You hear a shout!
Enter note:
Enter note: A gnoll comes into view. It is wielding a +0 spear.
You miss the adder. You peck the adder, but do no damage.
The adder bites you but does no damage. x2
You slash the adder! Your kick misses the adder.
The adder is severely wounded.
The adder closely misses you.
You hit the adder.
You kill the adder!
Your Axes skill increases to level 4!
A gnoll comes into view. It is wielding a +0 flail.
There is an open door, spattered with blood here.
A gnoll comes into view. It is wielding a +0 spear.
The gnoll shouts!
The gnoll closely misses you.
You barely miss the gnoll. You peck the gnoll.
The gnoll is lightly wounded.
The gnoll hits you with a +0 spear.
A gnoll comes into view. It is wielding a +0 club.
A ball python comes into view.
The gnoll shouts!
The ball python hisses angrily.
You hit the gnoll. Your peck misses the gnoll.
The gnoll is moderately wounded.
The gnoll hits you with a +0 spear.
You hit the gnoll. You peck the gnoll, but do no damage.
The gnoll is heavily wounded.
The gnoll hits you with a +0 spear.
You hit the gnoll but do no damage. You claw the gnoll.
The gnoll is almost dead.
The gnoll hits you but does no damage. The gnoll hits you with a +0 spear.
The gnoll hits you with a +0 flail!
Ouch! That really hurt!
You die...

#...........##.##...........
###########.##.##.#...#.....
####.##.##.#...#.....
#....##.##.#..<)..#.#
#....##.##.#.#.##.# # #....#
.##.#.#.. .. ####.# #.#.##
.. #####'## ..... . #...g@.#
. #.# #...g..# #.# #....g.#
#.# #....S.# #....g.#
#......# #......+ #......#


You could see 4 gnolls and a ball python.

Vanquished Creatures
  An adder (D:2)
  A dart slug (D:1)
  3 ball pythons (D:1)
  3 endoplasms (D:1)
  3 goblins
  A hobgoblin (D:1)
  2 jackals (D:1)
  A quokka (D:1)
  4 bats (D:1)
  A rat (D:1)
20 creatures vanquished.

Notes
Turn   | Place    | Note
-------+----------+-------------------------------------------
     0 | D:1      | qw the Tengu Warper began the quest for the Orb.
     0 | D:1      | Reached XP level 1. HP: 12/12 MP: 4/4
     0 | D:1      | 0 ||| qw: Version: 0.1-a-89-g26bdef1
     0 | D:1      | 0 ||| qw: Game counter: 3561
     0 | D:1      | 0 ||| qw: Always use a shield: true
     0 | D:1      | 0 ||| qw: God list: Okawaru
     0 | D:1      | 0 ||| qw: Allow faded altars: false
     0 | D:1      | 0 ||| qw: Do Orc after D:15 true
     0 | D:1      | 0 ||| qw: Do second Lair branch before Depths: true
     0 | D:1      | 0 ||| qw: Lair rune preference: random
     0 | D:1      | 0 ||| qw: Plans: Normal
     0 | D:1      | 0 ||| PLANNING D:1-11
    43 | D:1      | Found a faded altar of an unknown god.
   268 | D:1      | 268 ||| Stepping ~*~*~tactically~*~*~ (hiding).
   275 | D:1      | Reached skill level 3 in Axes
   275 | D:1      | Reached XP level 2. HP: 12/17 MP: 6/6
   560 | D:1      | 560 ||| Stepping ~*~*~tactically~*~*~ (stealth).
   579 | D:1      | 579 ||| DROPPING +0 club.
   893 | D:1      | Reached XP level 3. HP: 21/21 MP: 7/7
  1028 | D:1      | 1028 ||| READING scroll labelled NUERECR AMICS.
  1029 | D:1      | 1029 ||| READING 3 scrolls labelled RUR YSA DOSE.
  1030 | D:1      | 1030 ||| READING 2 scrolls of identify.
  1030 | D:1      | 1030 ||| IDENTIFYING sedimented coppery potion
  1031 | D:1      | 1031 ||| DROPPING scroll of blinking.
  1032 | D:1      | 1032 ||| DROPPING potion of degeneration.
  1060 | D:2      | 1060 ||| Stepping ~*~*~tactically~*~*~ (hiding).
  1239 | D:2      | Reached skill level 4 in Axes
  1244 | D:2      | Slain by a gnoll

Levels and vault maps discovered:
D:1:      amcnicky_arrival_single_pillar, layout_loops_ring,
          basic_ecumenical_altar, minivault_25, corexii_corridor_pit
D:2:      layout_basic, basic_altar

Skill      XL: |  1  2  3 |
---------------+----------+-----
Axes           | 3 4 |  4.0
Fighting       | |  2.0
Throwing       | |  1.0
Armour         | |  1.1
Dodging        | |  2.1
Spellcasting   | |  2.0
Translocations | |  2.4

Action                   || total
-------------------------++-------
Melee: Hand axe          ||    45
       Peck              ||    10
       Kick              ||     9
Throw: Boomerang         ||     7
  Use: Scroll            ||     3
Armor: Leather armour    ||    10
Dodge: Dodged            ||    28

Table legend:
 A = Non-vault XP
 B = Vault XP
 C = Vault XP percentage of total XP
 D = Non-vault monster count
 E = Vault monster count
 F = Vault count percentage of total count
                 A         B        C        D         E       F
            +---------+---------+-------+---------+---------+-------
      Total |      50 |       0 |   0.0 |      20 |       0 |   0.0
            +---------+---------+-------+---------+---------+-------
        D:1 |      35 |       0 |   0.0 |      18 |       0 |   0.0
        D:2 |      15 |       0 |   0.0 |       2 |       0 |   0.0
            +---------+---------+-------+---------+---------+-------
